 Dungeon Crawl Stone Soup version 0.23-b1-67-g8bd44de (webtiles) character file.

Game seed: 2194719815762500115

615 infcreate the Conjurer (level 7, 0/36 HPs)
             Began as a Deep Elf Conjurer on Feb 5, 2019.
             Slain by a troll zombie (7 damage)
             ... in an ossuary.
             The game lasted 00:20:19 (3775 turns).

infcreate the Conjurer (Deep Elf Conjurer)          Turns: 3775, Time: 00:20:20

Health: 0/36       AC:  4    Str:  5    XL:     7   Next: 21%
Magic:  5/18       EV: 15    Int: 22    God:
Gold:   218        SH:  0    Dex: 15    Spells: 8/18 levels left

rFire    . . .     SeeInvis .   k - +5 trident (protect)
rCold    . . .     Gourm    .   (no shield)
rNeg     . . .     Faith    .   a - +1 robe
rPois    .         Spirit   .   b - +0 helmet
rElec    .         Reflect  .   (no cloak)
rCorr    +         Harm     .   (no gloves)
MR       .....                  (no boots)
Stlth    ++........             (no amulet)
HPRegen  0.12/turn              m - ring of resist corrosion
MPRegen  0.16/turn              (no ring)

@: no status effects
A: no striking features
a: no special abilities


You were in an ossuary.
You were hungry.

You visited 1 branch of the dungeon, and saw 5 of its levels.
You also visited: Ossuary.

You collected 218 gold pieces.

Inventory:

Hand Weapons
 k - a +5 trident of protection (weapon)
Armour
 a - a +1 robe (worn)
 b - a +0 helmet (worn)
Jewellery
 m - a ring of resist corrosion (left hand)
Scrolls
 d - 2 scrolls of remove curse
 g - 2 scrolls of identify
Potions
 e - 2 potions of berserk rage {unknown}
 f - a potion of magic {unknown}
 j - a potion of curing
 n - a potion of cancellation {unknown}
 o - a potion of might {unknown}
 p - 2 potions of mutation {unknown}
 q - a potion of haste {unknown}
 s - a potion of ambrosia {unknown}
Comestibles
 c - 7 rations


   Skills:
 * Level 4.6 Dodging
 + Level 3.3 Stealth
 + Level 6.4 Spellcasting
 + Level 7.2 Conjurations


You had 8 spell levels left.
You knew the following spells:

 Your Spells              Type           Power        Failure   Level  Hunger
a - Magic Dart            Conj           ####         1%          1    None
b - Searing Ray           Conj           #####.       1%          2    None
c - Dazzling Spray        Conj/Hex       ###...       6%          3    #......
d - Iskenderun's Mystic   Conj           #####...     4%          4    ###....

Your spell library contained the following spells:

 Spells                   Type           Power        Failure   Level  Hunger
 Force Lance              Conj/Tloc      ###.....     21%         4    ###....
 Fulminant Prism          Conj/Hex       ###.......   21%         4    ###....


Dungeon Overview and Level Annotations

Branches:
Dungeon (4/15)
 Temple: D:4-7

Altars:
Okawaru


Message History

The troll zombie claws you.
The searing ray hits the troll zombie!
The troll zombie is heavily damaged.
The searing ray hits the troll zombie!
The troll zombie is severely damaged.
You finish channeling your searing ray.
The troll zombie closely misses you. The troll zombie claws you!
* * * LOW HITPOINT WARNING * * *
The troll zombie claws you.
* * * LOW HITPOINT WARNING * * *
Casting: Searing Ray (safe; 1% risk of failure)
Confirm with . or Enter, or press ? or * to list all spells.
Aiming: Searing Ray (safe; 1% risk of failure)
Press: ? - help, Shift-Dir - straight line, f/p - troll zombie
Aim: a troll zombie (severely damaged)
The searing ray hits the troll zombie!
The troll zombie is almost destroyed. (Press . to maintain the ray.)
The troll zombie bites you!
You die...

######.#..#
#....'.#..#
#....###..#
#....#.'..#
#....#.#..#
######.#..#
###..#
#.'..#
#@#..#
#....Z.#..#
########..#
#....#.'..#
#....'.#..#
#....#.#..#
#....###..#
##### +..#
#..#


You could see a troll zombie.

Vanquished Creatures
  A phantom (D:4)
  An ogre (D:4)
  A centaur zombie (Ossuary)
  2 hounds (D:4)
  Natasha (thrice) (D:2)
  2 worker ants
  Robin (D:2)
  8 adders
  4 gnolls (D:2)
  2 oozes
  A worm (D:3)
  A dart slug (D:1)
  6 leopard geckos
  5 orcs (D:3)
  A ball python (D:1)
  2 giant cockroaches
  7 hobgoblins (D:2)
  5 jackals
  4 quokkas (D:3)
  5 bats
  4 frilled lizards
  14 goblins
  2 goblin zombies (Ossuary)
  5 kobolds
  2 quokka zombies (Ossuary)
  10 rats
  A rat zombie (D:6)
100 creatures vanquished.

Notes
Turn   | Place    | Note
-------+----------+-------------------------------------------
     0 | D:1      | infcreate the Deep Elf Conjurer began the quest for the
                  | Orb.
     0 | D:1      | Reached XP level 1. HP: 10/10 MP: 6/6
   277 | D:1      | Reached XP level 2. HP: 15/15 MP: 5/8
   398 | D:1      | Reached skill level 5 in Conjurations
   485 | D:1      | Learned a level 2 spell: Searing Ray
   853 | D:2      | Reached XP level 3. HP: 19/19 MP: 2/9
  1056 | D:2      | Noticed Natasha
  1166 | D:2      | Learned a level 3 spell: Dazzling Spray
  1185 | D:2      | Reached XP level 4. HP: 24/24 MP: 6/11
  1303 | D:2      | Killed Natasha
  1394 | D:2      | Learned a level 4 spell: Iskenderun's Mystic Blast
  1409 | D:2      | Noticed Natasha
  1411 | D:2      | Killed Natasha
  1411 | D:2      | Reached skill level 6 in Conjurations
  1411 | D:2      | Reached XP level 5. HP: 25/28 MP: 6/12
  1591 | D:2      | Noticed Robin
  1795 | D:2      | Killed Robin
  1949 | D:2      | Noticed Natasha
  2026 | D:2      | Found an iron altar of Okawaru.
  2088 | D:2      | Killed Natasha
  2342 | D:3      | Found a faded altar of an unknown god.
  2896 | D:3      | Reached XP level 6. HP: 30/32 MP: 10/15
  3037 | D:3      | Reached skill level 5 in Spellcasting
  3483 | D:4      | Reached skill level 7 in Conjurations
  3483 | D:4      | Reached XP level 7. HP: 27/36 MP: 9/18
  3631 | D:4      | You fall through a shaft for 2 floors!
  3632 | D:6      | Found a sand-covered staircase.
  3647 | Ossuary  | Entered an ossuary
  3775 | Ossuary  | Slain by a troll zombie

Skill      XL: |  1  2  3  4  5  6 |
---------------+-------------------+-----
Conjurations   | 5 6 7 |  7.2
Dodging        | 3 4 |  4.6
Spellcasting   | 4 6 |  6.4
Stealth        | 3 |  3.3

Action                   |  1- 3 |  4- 6 |  7- 9 || total
-------------------------+-------+-------+-------++-------
Melee: Unarmed           |       |     1 |       ||     1
 Cast: Magic Dart        |    62 |   107 |    29 ||   198
       Searing Ray       |     1 |    10 |     3 ||    14
       Dazzling Spray    |       |     3 |       ||     3
  Use: Scroll            |       |     2 |     4 ||     6
  Eat: Chunk             |     1 |     7 |       ||     8
Armor: Robe              |       |     2 |     3 ||     5
Dodge: Dodged            |    14 |    18 |     9 ||    41
